 Dungeon Crawl Stone Soup version 0.18-a0-1577-gf591c28 (console) character file.

86 Liam the Magician (level 4, 0/27 HPs)
             Began as a High Elf Wizard on Mar 22, 2016.
             Succumbed to a scorpion's poison
             ... on level 3 of the Dungeon.
             The game lasted 00:05:20 (3238 turns).

Liam the Magician (High Elf Wizard)                 Turns: 3238, Time: 00:05:20

Health: 0/27       AC:  4    Str:  6    XL:     4   Next: 26%
Magic:  1/11       EV: 12    Int: 23    God:
Gold:   89         SH:  0    Dex: 13    Spells: 3 memorised, 7 levels left

rFire  . . .     SeeInvis .     (no weapon)
rCold  . . .     Gourm    .     a - +0 robe
rNeg   . . .     Faith    .     (no shield)
rPois  .         Spirit   .     b - +0 hat
rElec  .         Dismiss  .     m - +0 cloak
rCorr  .         Reflect  .     (no gloves)
SustAt .         Harm     .     s - +0 pair of boots
MR     .....                    (no amulet)
Stlth  ++........               (no ring)
                                (no ring)

@: lethally poisoned (0 -> -3), not resistant to hostile enchantments,
unstealthy
A: no striking features
a: no special abilities


You were on level 3 of the Dungeon.
You were not hungry.

You visited 1 branch of the dungeon, and saw 4 of its levels.

You collected 89 gold pieces.

Inventory:

Armour
 a - a +0 robe (worn)
 b - a +0 hat (worn)
 m - a +0 cloak (worn)
 s - a +0 pair of boots (worn)
Scrolls
 g - 3 scrolls of immolation
 h - 4 scrolls of identify
 i - a scroll of remove curse
 j - 3 scrolls of teleportation
 l - a scroll of fog {unknown}
 n - a scroll of blinking {unknown}
 u - a scroll of magic mapping {unknown}
Potions
 e - a potion of might {unknown}
 k - a potion of curing {unknown}
 o - a potion of berserk rage {unknown}
 p - a potion of agility {unknown}
Books
 c - a book of Minor Magic

   Spells                             Type                      Level
   a - Magic Dart                     Conjuration                  1
   b - Blink                          Translocation                2
   c - Call Imp                       Summoning                    2
   d - Repel Missiles                 Charms/Air                   2
   e - Slow                           Hexes                        2
   f - Conjure Flame                  Conjuration/Fire             3
   g - Mephitic Cloud                 Conjuration/Poison/Air       3
Comestibles
 d - 3 bread rations
 q - a meat ration
 r - a beef jerky
 t - a royal jelly


   Skills:
 - Level 2.1 Dodging
 - Level 2.1 Stealth
 + Level 4.8 Spellcasting
 + Level 3.2 Conjurations
   Level 0.8 Summonings
 - Level 1.1 Translocations


You had 7 spell levels left.
You knew the following spells:

 Your Spells              Type           Power        Failure   Level  Hunger
a - Magic Dart            Conj           ###.         2%          1    None
b - Blink                 Tloc           N/A          12%         2    None
m - Repel Missiles        Chrm/Air       #.....       17%         2    None


Dungeon Overview and Level Annotations

Branches:
Dungeon (4/15)
 Temple: D:4-7

Altars:
Dithmenos
Fedhas
Gozag
Ru
Zin

Annotations:
D:3 Jessica


Message History

Casting: Blink
Confirm with . or Enter, or press ? or * to list all spells.
Aiming: Magic Dart
Press: ? - help, Shift-Dir - straight line, f - goblin
Aim: a goblin, wielding a dagger (resting)
The magic dart hits the goblin.
You kill the goblin!
* * * LOW HITPOINT WARNING * * *
You feel sick.
* * * LOW HITPOINT WARNING * * *
You feel sick.
Things that are here:
a dagger; a goblin corpse You butcher the goblin corpse.
Things that are here:
a dagger; 3 chunks of flesh Eat one of 3 chunks of flesh? (ye/n/q/i?) This raw flesh tastes terrible.
You continue eating.
You die...

####################
#...................###
#..#...#...#...#...#...
#_.....................
#..#...#...#...#...#...
#.....@.............<..
####################...
#..... #..... #####. #.
#. #. #.


There were no monsters in sight!

Vanquished Creatures
  An adder (D:3)
  4 dart slugs
  2 giant geckos
  An orc (D:2)
  A ball python (D:1)
  2 giant cockroaches
  8 goblins
  8 hobgoblins
  9 jackals
  6 kobolds
  A quokka (D:2)
  6 bats
  4 giant newts
  5 rats
58 creatures vanquished.

Notes
Turn   | Place    | Note
--------------------------------------------------------------
     0 | D:1      | Liam the High Elf Wizard began the quest for the Orb.
     0 | D:1      | Reached XP level 1. HP: 11/11 MP: 6/6
   511 | D:1      | Reached skill level 4 in Spellcasting
   511 | D:1      | Reached XP level 2. HP: 17/17 MP: 4/8
  1077 | D:1      | Reached XP level 3. HP: 11/21 MP: 0/9
  1329 | D:1      | Learned a level 2 spell: Blink
  1332 | D:1      | Learned a level 2 spell: Repel Missiles
  1701 | D:2      | Found a sacrificial altar of Ru.
  2071 | D:2      | Found a shadowy altar of Dithmenos.
  2167 | D:2      | Found an opulent altar of Gozag.
  2753 | D:3      | Reached XP level 4. HP: 20/27 MP: 4/11
  2819 | D:3      | Found a blossoming altar of Fedhas.
  2906 | D:3      | Noticed Jessica
  3230 | D:3      | Found a glowing silver altar of Zin.
  3235 | D:3      | HP: 1/27 [poisoned by a scorpion]
  3238 | D:3      | Succumbed to a scorpion's poison

Vault maps used:
D:1:      eino_arrival_druids_welcome
D:2:      nicolae_ru_great_annihilating_truth, lemuel_doored_altar,
          nicolae_dithmenos_shadow_blocks
D:3:      lemuel_coloured_pillars_altar, fedhas_altar_3, uniq_jessica
D:4:      lemuel_round_altar, first_bread, uniq_robin, uniq_pikel, uniq_duvessa

Skill      XL: |  1  2  3 |
---------------+----------+-----
Spellcasting   | 4 |  4.8
Conjurations   | 2 3 |  3.2
Dodging        | |  2.1
Stealth        | |  2.1
Summonings     | |  0.8
Translocations | |  1.1

Action                   |  1- 3 |  4- 6 || total
-------------------------+-------+-------++-------
Melee: Unarmed           |    36 |       ||    36
 Cast: Magic Dart        |   127 |    32 ||   159
       Blink             |       |     5 ||     5
  Use: Potion            |     1 |     2 ||     3
       Scroll            |       |     3 ||     3
  Eat: Chunk             |     4 |     3 ||     7
